 Dungeon Crawl Stone Soup version 0.28-a0-655-g4eb62b627b (webtiles) character file.

Game seed: 5265637717935159497

46449 mordus the Thaumaturge (level 14, -2/103 HPs)
             Began as a Djinni Conjurer on Oct 12, 2021.
             Was a High Priest of Makhleb.
             Slain by an eight-headed hydra (10 damage)
             ... on level 1 of the Lair of Beasts.
             The game lasted 01:21:00 (14341 turns).

mordus the Thaumaturge (Djinni Conjurer)           Turns: 14341, Time: 01:21:01

Health: -2/103     AC: 13    Str:  7    XL:     14   Next: 76%
Gold:   850        EV: 19    Int: 24    God:    Makhleb [*****.] SH:  6 Dex: 18

rFire   + + .      SeeInvis .   C - +4 whip of Minuur {holy, rC+}
rCold   . . .      Faith    .   n - +1 buckler
rNeg    . . .      Spirit   .   G - +2 robe {Archmagi}
rPois   ∞          Reflect  .   (no helmet)
rElec   .          Harm     .   M - +1 cloak {rPois}
rCorr   .          Rampage  .   A - +2 pair of gloves
Will    +....      Archmagi +   (boots unavailable)
Stlth   ++........              v - amulet of regeneration
HPRegen 1.27/turn               d - +6 ring of dexterity
MPRegen 0.00/turn               k - +4 ring of protection

@: flying
A: sickness immunity, fire resistance 2, cold vulnerability 1, float, innate
caster, hp casting, extra vitality 1
a: Renounce Religion, Minor Destruction, Lesser Servant of Makhleb, Major
Destruction, Greater Servant of Makhleb


You were on level 1 of the Lair of Beasts.
You worshipped Makhleb.
Makhleb was extremely pleased with you.
You visited 3 branches of the dungeon, and saw 15 of its levels.
You also visited: Ossuary.

You collected 1180 gold pieces.
You spent 330 gold pieces at shops.

Inventory:

Hand Weapons
 b - a +3 whip of electrocution
 j - a +0 dagger
 C - the +4 whip of Minuur (weapon) {holy, rC+}
   (You found it on level 8 of the Dungeon)

   It has been blessed by the Shining One to cause great damage to the undead
   and demons.
   rC:        It protects you from cold.
 P - a +0 quarterstaff of draining
Missiles
 t - 2 throwing nets
Armour
 a - +0 swamp dragon scales
 n - a +1 buckler (worn)
 A - a +2 pair of gloves (worn)
 B - +0 steam dragon scales
 E - the +2 robe of the Nexus {rElec Will+ Int-3 Dex+6}
   (You found it on level 9 of the Dungeon)

   Int:       It affects your intelligence (-3).
   Dex:       It affects your dexterity (+6).
   rElec:     It insulates you from electricity.
   Will:      It increases your willpower.
 F - a +2 troll leather armour
 G - a +2 robe of the Archmagi (worn)
 M - a +1 cloak of poison resistance (worn)
Magical Staves
 i - a staff of cold
 D - a staff of conjuration
Jewellery
 d - a +6 ring of dexterity (left hand)
 k - a +4 ring of protection (right hand)
 u - a ring of resist corrosion
 v - an amulet of regeneration (around neck)
 V - an amulet of reflection
Wands
 f - a wand of flame (62)
 h - a wand of digging (20)
 w - a wand of iceblast (17)
 y - a wand of paralysis (8)
 z - a wand of acid (5)
 L - a wand of polymorph (7)
Scrolls
 c - 2 scrolls of enchant weapon
 e - 4 scrolls of identify
 p - 4 scrolls of teleportation
 S - 3 scrolls of summoning
Potions
 g - 2 potions of ambrosia
 l - a potion of cancellation
 m - 3 potions of lignification
 o - 9 potions of curing
 q - 4 potions of mutation
 r - a potion of haste
 s - a potion of magic {unknown}
 x - 4 potions of attraction
 N - a potion of brilliance
 Q - a potion of resistance
 R - 2 potions of heal wounds
 U - a potion of might {unknown}
Miscellaneous
 H - a phial of floods
 I - a condenser vane
 J - a tin of tremorstones (2/2)
 K - a phial of floods
 O - a phantom mirror
 T - a phantom mirror


   Skills:
 + Level 10.7 Fighting
 - Level 5.0 Staves
 - Level 4.0 Armour
 + Level 11.9 Dodging
 - Level 1.5 Stealth
 - Level 4.0 Shields
 * Level 13.2 Spellcasting
 - Level 4.4 Invocations
 + Level 0.2 Evocations


You had 5 spell levels left.
You knew the following spells:

 Your Spells              Type           Power      Damage    Failure   Level
a - Magic Dart            Conj           100%       1d8       0%          1
b - Searing Ray           Conj           100%       2d8       1%          2
c - Dazzling Flash        Conj/Hex       100%       N/A       1%          3
d - Fulminant Prism       Conj/Hex       43%        3d20      1%          4
e - Iskenderun's Mystic   Conj/Tloc      87%        2d17      1%          4
f - Pain                  Necr           100%       1d9       0%          1
g - Slow                  Hex            87%        N/A       1%          2
h - Frozen Ramparts       Ice            100%       1d12      1%          3
i - Summon Ice Beast      Ice/Summ       87%        N/A       1%          4
j - Iskenderun's Battles  Conj           87%        2d13      1%          5
k - Borgnjor's Vile Clut  Necr/Erth      43%        N/A       1%          5
Your spell library was empty.

Dungeon Overview and Level Annotations

Branches:
Dungeon (13/15)            Temple (1/1) D:7            Lair (1/6) D:9
    Orc (0/2) D:10         Vaults (0/5) D:13        Ossuary (visited)

Altars:
Ashenzari
Cheibriados
Dithmenos
Elyvilon
Fedhas
Gozag
Hepliaklqana
Kikubaaqudgha
Makhleb
Nemelex Xobeh
Okawaru
Qazlal
Ru
Sif Muna
Trog
Uskayaw
Vehumet
Wu Jian
Xom
Yredelemnul
Zin
The Shining One

Shops:
D:5 =

Annotations:
D:13 1 runed translucent door
Lair:1 1 runed translucent door, HilariousDeathArtist's ghost, journeyman DrNe


Innate Abilities, Weirdness & Mutations

You are immune to sickness and miasma.
You are immune to poison.
Your flesh is very heat resistant. (rF++)
You are vulnerable to cold. (rC-)
You float through the air rather than walking.
You learn spells naturally, not from books.
Your magical power is your life essence.
You have superior vitality. (+4 HP)


Message History

The searing ray hits the eight-headed hydra!
The eight-headed hydra is heavily wounded. (Press . to maintain the ray.)
The eight-headed hydra bites you but does no damage.
You block the eight-headed hydra's attack.
The eight-headed hydra bites you but does no damage. x2
The eight-headed hydra bites you!
The eight-headed hydra completely misses you.
The eight-headed hydra misses you. The eight-headed hydra bites you!
The searing ray hits the eight-headed hydra!
The eight-headed hydra is severely wounded.
You block the eight-headed hydra's attack. x2
The eight-headed hydra bites you!
The eight-headed hydra bites you but does no damage.
The eight-headed hydra barely misses you.
The eight-headed hydra bites you! The eight-headed hydra bites you.
The eight-headed hydra misses you.
The searing ray misses the eight-headed hydra.
The eight-headed hydra bites you. The eight-headed hydra misses you.
The eight-headed hydra closely misses you.
The eight-headed hydra bites you! The eight-headed hydra bites you.
The eight-headed hydra misses you.
The eight-headed hydra completely misses you.
The eight-headed hydra bites you.
* * * LOW HITPOINT WARNING * * *
Casting: Searing Ray (safe; 1% risk of failure)
Confirm with . or Enter, or press ? or * to list all spells.
You feel a surge of power!
You erupt in a blast of force!
The mystic blast hits the eight-headed hydra!
The eight-headed hydra is almost dead.
* * * LOW HITPOINT WARNING * * *
You hear a bellow!
The eight-headed hydra barely misses you.
The eight-headed hydra bites you.
* * * LOW HITPOINT WARNING * * *
The eight-headed hydra bites you!
* * * LOW HITPOINT WARNING * * *
The eight-headed hydra closely misses you.
The eight-headed hydra bites you!
You die...

.###....# #..#
###)........... ..##....#
#..###......... .###....#
#..##..........
.P##....###..........?...
.##P................)..≈.
...................≈≈≈≈≈.
......#..####.....≈≈l.≈≈≈
.#.####### #.....≈≈≈.?.$
.### #...@D.≈≈>..≈ .#
#.....≈.≈≈.≈≈ ..
#........≈≈≈. ..
#.........≈.. #
#............
##...........
#........... ##.........
#.#####


You could see an eight-headed hydra and a basilisk.

Vanquished Creatures
  Josephine (D:10)
  3 boulder beetles
  2 hydras
  A catoblepas (D:9)
  A death knight (D:13)
  An ogre mage (D:13)
  A centaur warrior (D:13)
  4 two-headed ogres
  2 tengu warriors (D:13)
  Urug (D:9)
  2 skeletal warriors (D:13)
  A deep elf archer (D:13)
  A wizard (D:9)
  A deep elf pyromancer (D:12)
  2 manticores
  2 deep elf zephyrmancers (D:13)
  An orc knight (D:13)
  An ugly thing (D:12)
  An orc sorcerer (D:13)
  4 cyclopes
  Maurice (D:12)
  A komodo dragon (D:12)
  A cane toad (Lair:1)
  Maggie (D:7)
  An unseen horror (D:12)
  4 yaktaurs (D:13)
  A freezing wraith (D:13)
  2 trolls
  A jumping spider (shapeshifter) (D:13)
  Prince Ribbit (D:8)
  9 slime creatures
  Grinder (D:6)
  Sigmund (D:6)
  A shadow (D:13)
  10 wraiths
  A vampire (D:10)
  10 yaks
  A basilisk (shapeshifter) (D:13)
  A steam dragon (D:7)
  5 vampire mosquitoes
  Menkaure (D:4)
  4 wargs
  2 water moccasins
  5 orc warriors
  2 black bears
  3 ogres
  3 necrophages
  2 wolves
  11 centaurs
  3 kobold brigands
  Blork the orc (D:5)
  A gnoll sergeant (D:5)
  A scorpion (D:7)
  A wyvern zombie (D:7)
  5 bullfrogs
  An elf skeleton (D:5)
  15 killer bees
  4 howler monkeys
  4 wights (D:8)
  3 electric eels (Lair:1)
  5 centaur zombies
  2 jellies (D:5)
  10 orc priests
  A gnoll shaman (D:4)
  A human skeleton (D:5)
  An iguana (D:5)
  9 orc wizards
  A killer bee zombie (D:9)
  8 mummies (Ossuary)
  8 gnolls
  2 howler monkey zombies
  6 adders
  A howler monkey skeleton (D:7)
  A shadow imp (D:7)
  2 worms (D:2)
  A dart slug (D:1)
  30 orcs
  5 ball pythons
  6 bats
  7 endoplasms
  5 giant cockroaches
  10 goblins
  6 hobgoblins
  14 jackals
  23 kobolds
  5 quokkas
  A frilled lizard (D:3)
  3 gnoll zombies (Ossuary)
  2 hobgoblin zombies (Ossuary)
  2 kobold zombies (Ossuary)
  4 orc skeletons (D:5)
  An orc zombie (Ossuary)
  12 rats
354 creatures vanquished.

Vanquished Creatures (collateral kills)
  A deep elf zephyrmancer (D:13)
  Grum (D:10)
  An ogre (D:7)
  A centaur (D:13)
4 creatures vanquished.

Vanquished Creatures (others)
  A two-headed ogre (D:13)
  42 fulminant prisms
43 creatures vanquished.

Grand Total: 401 creatures vanquished

Notes
Turn   | Place    | Note
-------+----------+-------------------------------------------
     0 | D:1      | mordus the Djinni Conjurer began the quest for the Orb.
     0 | D:1      | Reached XP level 1. HP: 15/15 MP: 0/0
   226 | D:1      | Reached XP level 2. HP: 19/22 MP: 0/0
   619 | D:1      | Reached skill level 1 in Fighting
   619 | D:1      | Reached XP level 3. HP: 11/27 MP: 0/0
   619 | D:1      | Learned a level 1 spell: Pain
  1875 | D:2      | Reached XP level 4. HP: 24/32 MP: 0/0
  2338 | D:2      | Found a faded altar of an unknown god.
  2474 | D:2      | Reached skill level 4 in Spellcasting
  2825 | D:3      | Reached XP level 5. HP: 34/38 MP: 0/0
  2825 | D:3      | Learned a level 2 spell: Slow
  3585 | D:3      | Found a shadowy altar of Dithmenos.
  3925 | D:4      | Noticed Menkaure
  3936 | D:4      | Killed Menkaure
  3937 | D:4      | Reached skill level 1 in Armour
  3937 | D:4      | Reached skill level 1 in Shields
  3937 | D:4      | Reached XP level 6. HP: 39/44 MP: 0/0
  4024 | D:4      | HP: 2/45 [something/puff of flame (3)]
  4489 | D:4      | Noticed an ogre
  4512 | D:4      | Reached XP level 7. HP: 38/49 MP: 0/0
  4512 | D:4      | Learned a level 3 spell: Frozen Ramparts
  5103 | D:5      | Entered Level 5 of the Dungeon
  5203 | D:5      | Reached skill level 5 in Spellcasting
  5258 | D:5      | Found a sand-covered staircase.
  5459 | Ossuary  | Entered an ossuary
  5508 | Ossuary  | Reached XP level 8. HP: 21/56 MP: 0/0
  5983 | D:5      | Noticed Blork the orc
  5996 | D:5      | Killed Blork the orc
  6360 | D:5      | Found Sanoamy's Jewellery Emporium.
  6370 | D:5      | Bought an amulet of regeneration for 330 gold pieces
  6552 | D:5      | Found a white marble altar of Elyvilon.
  6964 | D:6      | Noticed Sigmund
  6978 | D:6      | Killed Sigmund
  6979 | D:6      | Reached skill level 5 in Dodging
  7000 | D:6      | Found a broken altar of Ashenzari.
  7000 | D:6      | Found a stormy altar of Qazlal.
  7091 | D:6      | Reached XP level 9. HP: 58/62 MP: 0/0
  7091 | D:6      | Learned a level 4 spell: Summon Ice Beast
  7094 | D:6      | Reached skill level 6 in Spellcasting
  7297 | D:6      | Noticed Grinder
  7297 | D:6      | Paralysed by Grinder for 5 turns
  7310 | D:6      | Killed Grinder
  7582 | D:7      | Reached skill level 5 in Fighting
  7630 | D:7      | Noticed Maggie
  7644 | D:7      | Killed Maggie
  7645 | D:7      | Reached skill level 1 in Staves
  7645 | D:7      | Reached skill level 7 in Spellcasting
  7670 | D:7      | Reached XP level 10. HP: 68/70 MP: 0/0
  7930 | D:7      | Found a staircase to the Ecumenical Temple.
  7959 | Temple   | Entered the Ecumenical Temple
  7994 | Temple   | Became a worshipper of Makhleb the Destroyer
  8367 | D:8      | Noticed Prince Ribbit
  8377 | D:8      | Killed Prince Ribbit
  8453 | D:8      | Reached * piety under Makhleb
  8474 | D:8      | Found a bloodstained altar of Trog.
  8550 | D:8      | Identified the +4 whip of Minuur {holy, rC+}
  9119 | D:9      | Identified the +2 robe of the Nexus {rElec Will+ Int-3
                  | Dex+6}
  9160 | D:9      | Reached skill level 8 in Spellcasting
  9410 | D:9      | Noticed a cyclops
  9427 | D:9      | Killed a cyclops
  9452 | D:9      | Noticed a cyclops
  9464 | D:9      | Killed a cyclops
  9465 | D:9      | Reached XP level 11. HP: 78/78 MP: 0/0
  9465 | D:9      | Learned a level 5 spell: Iskenderun's Battlesphere
  9487 | D:9      | Noticed a wizard
  9487 | D:9      | Noticed a catoblepas
  9516 | D:9      | Killed a catoblepas
  9525 | D:9      | Killed a wizard
  9612 | D:9      | Noticed a seven-headed hydra
  9619 | D:9      | Killed a seven-headed hydra
  9744 | D:9      | Reached skill level 9 in Spellcasting
  9880 | D:9      | Found a staircase to the Lair.
 10064 | D:10     | Entered Level 10 of the Dungeon
 10067 | D:10     | Noticed Urug
 10088 | D:9      | Killed Urug
 10089 | D:9      | Reached skill level 5 in Staves
 10172 | D:10     | Noticed Grum
 10180 | D:10     | Killed Grum
 10190 | D:10     | Reached ** piety under Makhleb
 10538 | D:10     | Found a staircase to the Orcish Mines.
 10575 | D:10     | Reached XP level 12. HP: 82/86 MP: 0/0
 10723 | D:10     | Noticed a two-headed ogre
 10731 | D:10     | Killed a two-headed ogre
 11074 | D:10     | Noticed Josephine
 11080 | D:10     | Killed Josephine
 11081 | D:10     | Reached skill level 10 in Spellcasting
 11276 | D:11     | Noticed a boulder beetle
 11281 | D:11     | Noticed a boulder beetle
 11289 | D:11     | Killed a boulder beetle
 11298 | D:11     | Reached *** piety under Makhleb
 11306 | D:11     | Killed a boulder beetle
 11307 | D:11     | Reached skill level 10 in Dodging
 11379 | D:11     | Identified a scroll of acquirement
 11379 | D:11     | Acquired a staff of conjuration
 11912 | D:12     | Noticed Maurice
 11916 | D:12     | Killed Maurice
 12098 | D:12     | Noticed a boulder beetle
 12121 | D:12     | Killed a boulder beetle
 12275 | D:12     | Reached skill level 11 in Spellcasting
 12275 | D:12     | Reached XP level 13. HP: 94/94 MP: 0/0
 12275 | D:12     | Learned a level 5 spell: Borgnjor's Vile Clutch
 12293 | D:12     | Reached skill level 12 in Spellcasting
 12663 | D:13     | Reached XP level 14. HP: 101/101 MP: 0/0
 12718 | D:13     | Reached **** piety under Makhleb
 12836 | D:13     | Identified the +6 great mace "Piewkaf" {holy, *Rage Str+2
                  | Int+4}
 12846 | D:13     | Reached skill level 10 in Fighting
 13204 | D:13     | Reached skill level 13 in Spellcasting
 13357 | D:13     | Reached ***** piety under Makhleb
 13584 | D:13     | Found a gate to the Vaults.
 13670 | D:13     | Found a runed translucent door.
 13670 | D:13     | Identified the +2 glaive "Xaut" {spect, Str+7}
 13670 | D:13     | Noticed a frost giant
 13883 | Lair:1   | Entered Level 1 of the Lair of Beasts
 14212 | Lair:1   | Found a runed translucent door.
 14212 | Lair:1   | Noticed HilariousDeathArtist's ghost (journeyman DrNe)
 14341 | Lair:1   | Slain by an eight-headed hydra

Illustrated notes

Levels and vault maps discovered:
D:1:      elethiomel_arrival_infinity_welcomes_careful_drivers, layout_basic,
          kennysheep_another_room
D:2:      layout_rooms, basic_ecumenical_altar, minmay_pentomino_t2
D:3:      layout_loops_ring, mainiacjoe_overflow_small_starburst,
          mainiacjoe_overflow_surrounded_room
D:4:      layout_layer_cave, minmay_misc_feat_iff, kennysheep_generic_room_12,
          uniq_menkaure
D:5:      layout_cave_pools, nicolae_overflow_hidden_temple,
          nicolae_ossuary_entry_catacombs, serial_shops, shop, lightli_minifort,
          uniq_blork_the_orc
D:6:      layout_basic, gammafunk_temple_overflow_statue, uniq_grinder,
          uniq_sigmund
D:7:      cheibrodos_steamvent, layout_loops_ring,
          minmay_temple_entry_offerings, uniq_maggie
D:8:      layout_basic, trog_book, uniq_prince_ribbit1
D:9:      minmay_tri_box, layout_cave_pools, erik_lair_orcish_takeover,
          serial_glass, glass_columns_a, glass_columns_b, glass_columns_b,
          glass_columns_a, glass_columns_a, kennysheep_generic_room_15
D:10:     layout_loops_ring, erik_orc_3, uniq_urug, uniq_grum, uniq_josephine
D:11:     layout_loops_ring, chequers_jeans
D:12:     layout_loops_ring, uniq_maurice
D:13:     layout_irregular_city, hangedman_vaults_entry_quadrant_bands,
          kennysheep_treasure_room
Temple:   eino_temple_scatter_basement
Lair:1:   layout_small_grid, hellmonk_ghost_happy_afterlife, disabler_island

Skill      XL: |  1  2  3  4  5  6  7  8  9 10 11 12 13 14 |
---------------+-------------------------------------------+-----
Fighting       | 1 2 3 4 5 6 8 9 10 | 10.7
Dodging        | 3 4 5 6 7 9 10 11 | 11.9
Spellcasting   | 4 5 7 8 9 11 12 13 | 13.2
Armour         | 1 2 3 4 |  4.0
Shields        | 1 2 3 4 |  4.0
Staves         | 1 3 5 |  5.0
Invocations    | 4 |  4.4
Stealth        | |  1.5
Evocations     | |  0.2

Action                   |  1- 3 |  4- 6 |  7- 9 | 10-12 | 13-15 || total
-------------------------+-------+-------+-------+-------+-------++-------
Melee: Whip              |    12 |    20 |    13 |    25 |    10 ||    80
       Dagger            |     9 |       |       |       |       ||     9
       Staff             |       |       |     4 |     1 |     2 ||     7
 Cast: Magic Dart        |    31 |     1 |       |     5 |     6 ||    43
       Searing Ray       |    14 |    45 |    55 |   125 |    61 ||   300
       Fulminant Prism   |       |       |     8 |    14 |    20 ||    42
       Frozen Ramparts   |       |       |     6 |    12 |     3 ||    21
       Slow              |       |       |     4 |     8 |       ||    12
       Iskenderun's Myst |       |       |     1 |    34 |    27 ||    62
       Iskenderun's Batt |       |       |       |    20 |    11 ||    31
       Summon Ice Beast  |       |       |       |     3 |     1 ||     4
       Borgnjor's Vile C |       |       |       |       |     3 ||     3
  Use: Scroll            |       |     4 |     6 |    13 |     3 ||    26
       Potion            |       |       |       |     4 |       ||     4
 Stab: Sleeping          |       |     1 |       |     1 |       ||     2
Armor: Robe              |     1 |    18 |    17 |       |     7 ||    43
       Steam dragon scal |       |       |       |    18 |       ||    18
       Troll leather arm |       |       |       |    51 |    30 ||    81
Dodge: Dodged            |    18 |    41 |    46 |   134 |    82 ||   321
Block: Buckler           |       |    11 |    16 |    51 |    17 ||    95

Table legend: (Time is in decaauts)
 A = Elapsed time spent in this place.
 B = Non-inter-level travel time spent in this place.
 C = Inter-level travel time spent in this place.
 D = Time resting spent in this place.
 E = Time spent auto-exploring this place.
 F = Levels seen in this place.
 G = Mean time per level.
                   A        B        C        D        E       F      G
               +--------+--------+--------+--------+--------+-----+--------+
         Total |  14348 |  13905 |    443 |   1913 |   8871 |  16 |  896.8 |
       Dungeon |  13247 |  12805 |    442 |   1644 |   8294 |  13 | 1019.0 |
        Temple |    209 |    209 |      0 |      0 |    158 |   1 |  209.0 |
          Lair |    456 |    456 |      0 |     37 |    300 |   1 |  456.0 |
       Ossuary |    435 |    435 |      0 |    232 |    119 |   1 |  435.0 |
               +--------+--------+--------+--------+--------+-----+--------+

Top non-repeatable levels by time:
     D:1: 1753 daAuts
     D:4: 1390 daAuts
    D:13: 1151 daAuts
    D:10: 1125 daAuts
     D:5: 1117 daAuts
     D:9: 1071 daAuts
     D:3: 1023 daAuts
     D:2: 936 daAuts
     D:8: 795 daAuts
    D:12: 775 daAuts
     D:7: 723 daAuts
     D:6: 692 daAuts
    D:11: 691 daAuts
  Lair:1: 456 daAuts
 Ossuary: 435 daAuts
